 Dungeon Crawl Stone Soup version 0.25-a0-949-gdd2af9e06e (webtiles) character file.

Game seed: 2947248689365116820, levelgen mode: deterministic

109 FrogZ the Chopper (level 4, -4/52 HPs)
             Began as a Demonspawn Berserker on May 8, 2020.
             Was a Believer of Trog.
             Engulfed by Ijyb's freezing vapour (23 damage)
             ... on level 3 of the Dungeon.
             The game lasted 00:04:18 (2665 turns).

FrogZ the Chopper (Demonspawn Berserker)            Turns: 2665, Time: 00:04:18

Health: -4/52      AC:  5    Str: 17    XL:     4   Next: 59%
Magic:  0/4        EV: 11    Int: 10    God:    Trog [**....]
Gold:   86         SH:  0    Dex: 12    Spells: 3/3 levels left

rFire    . . .     SeeInvis .   a - +0 hand axe
rCold    . . .     Gourm    .   (no shield)
rNeg     . . .     Faith    .   e - +0 ring mail
rPois    .         Spirit   +   (helmet restricted)
rElec    .         Reflect  .   (no cloak)
rCorr    .         Harm     .   (no gloves)
MR       .....                  (no boots)
Stlth    ..........             (no amulet)
HPRegen  0.17/turn              (no ring)
MPRegen  0.09/turn              (no ring)

@: berserking, very quick
A: horns 2, magic shield
a: Berserk, Trog's Hand, Renounce Religion


You were on level 3 of the Dungeon.
You worshipped Trog.
Trog was pleased with you.
You were very hungry.

You visited 1 branch of the dungeon, and saw 3 of its levels.

You collected 86 gold pieces.

Inventory:

Hand Weapons
 a - a +0 hand axe (weapon)
Armour
 b - a +0 animal skin
 e - a +0 ring mail (worn)
Scrolls
 f - 5 scrolls of identify {unknown}
 g - 2 scrolls of remove curse {unknown}
 j - 2 scrolls of teleportation
 l - a scroll of amnesia {unknown}
 o - a scroll of magic mapping {unknown}
Potions
 d - a potion of mutation {unknown}
 h - a potion of curing {unknown}
 i - a potion of haste {unknown}
 k - 2 potions of cancellation {unknown}
 m - a potion of might {unknown}
 p - a potion of stabbing {unknown}
Comestibles
 c - 2 rations
 n - 3 chunks of flesh


   Skills:
 - Level 3.0 Fighting
 + Level 4.9 Axes
 - Level 1.7 Armour
 - Level 1.7 Dodging


You had 3 spell levels left.
You didn't know any spells.
Your spell library was empty.

Dungeon Overview and Level Annotations

Branches:
Dungeon (3/15)

Altars:

Annotations:
D:3 Ijyb


Innate Abilities, Weirdness & Mutations

You have a pair of horns on your head.
When hurt, damage is shared between your health and your magic reserves.


Message History

Trog accepts your kill. Ijyb hits you with a +0 club.
You closely miss Ijyb. Your headbutt misses Ijyb.
Ijyb is moderately wounded.
Ijyb barely misses you.
You hit Ijyb.
Ijyb is moderately wounded.
Ijyb zaps a wand.
Ijyb creates a blast of freezing vapour!
You barely miss Ijyb.
Ijyb is moderately wounded.
You are engulfed in freezing vapours.
Ouch! That really hurt!
Ijyb hits you but does no damage.
You are too injured to fight recklessly!
A red film seems to cover your vision as you go berserk!
You feel yourself moving faster!
You feel mighty!
You are feeling very hungry.
You are engulfed in freezing vapours.
You die...

........# #. .................#
........####.###.#.########....#
........##.....................#
#.......##.........########....#
#.......##.......(># #....#
##'##...##....§§§§## #....#
...##...##%..<.§§§# ####.#
.####...##.....§§§# +#
.####...##......@.#
....#...###.#..(g.# ....##### #
#.....# ....# #..?..+ ....#
##....# ....# #....# ....#
###### ....# ##.##


You could see Ijyb.

Vanquished Creatures
  Jessica (D:2)
  3 adders (D:2)
  2 worms
  3 dart slugs
  A leopard gecko (D:2)
  3 giant cockroaches
  5 hobgoblins
  3 jackals (D:3)
  5 bats
  2 frilled lizards (D:2)
  5 goblins
  8 kobolds
  5 rats
46 creatures vanquished.

Notes
Turn   | Place    | Note
-------+----------+-------------------------------------------
     0 | D:1      | FrogZ the Demonspawn Berserker began the quest for the Orb.
     0 | D:1      | Reached XP level 1. HP: 18/18 MP: 1/1
   568 | D:1      | Reached skill level 3 in Axes
   923 | D:2      | Gained mutation: You have a pair of small horns on your
                  | head. [demonic ancestry]
   923 | D:2      | Reached XP level 2. HP: 23/24 MP: 2/2
  1240 | D:2      | Gained mutation: You have a pair of horns on your head.
                  | [demonic ancestry]
  1240 | D:2      | Reached XP level 3. HP: 29/29 MP: 3/3
  1381 | D:2      | Reached skill level 4 in Axes
  1391 | D:2      | Reached ** piety under Trog
  1783 | D:2      | Noticed Jessica
  1797 | D:2      | Killed Jessica
  1797 | D:2      | Gained mutation: When hurt, damage is shared between your
                  | health and your magic reserves. [demonic ancestry]
  1797 | D:2      | Reached XP level 4. HP: 35/35 MP: 4/4
  2656 | D:3      | Noticed Ijyb
  2665 | D:3      | Engulfed by Ijyb's freezing vapour

Levels and vault maps discovered:
D:1:      ncdulo_halloftheorcs, layout_basic
D:2:      layout_basic, uniq_jessica
D:3:      layout_basic, uniq_ijyb

Skill      XL: |  1  2  3 |
---------------+----------+-----
Axes           | 3 4 |  4.9
Fighting       | |  3.0
Armour         | |  1.7
Dodging        | |  1.7

Action                   |  1- 3 |  4- 6 || total
-------------------------+-------+-------++-------
Melee: Hand axe          |    92 |    26 ||   118
       Headbutt          |    10 |     3 ||    13
Invok: Berserk           |     4 |     1 ||     5
  Use: Scroll            |       |     1 ||     1
  Eat: Ration            |     1 |     1 ||     2
       Chunk             |     2 |       ||     2
Armor: Ring mail         |    29 |     6 ||    35
Dodge: Dodged            |    57 |    13 ||    70

Table legend:
 A = Non-vault XP
 B = Vault XP
 C = Vault XP percentage of total XP
 D = Non-vault monster count
 E = Vault monster count
 F = Vault count percentage of total count
                 A         B        C        D         E       F
            +---------+---------+-------+---------+---------+-------
      Total |     119 |      37 |  23.7 |      45 |       1 |   2.2
            +---------+---------+-------+---------+---------+-------
        D:1 |       9 |       0 |   0.0 |       7 |       0 |   0.0
        D:2 |      86 |      37 |  30.1 |      27 |       1 |   3.6
        D:3 |      24 |       0 |   0.0 |      11 |       0 |   0.0
            +---------+---------+-------+---------+---------+-------
